 Dungeon Crawl Stone Soup version 0.30-a0-121-gb27577e5d9 (webtiles) character file.

Game seed: 1991347544401481104

55108 drugrobin the Slicer (level 14, -3/122 HPs)
             Began as a Demigod Delver on Sept 14, 2022.
             Slain by a minotaur (11 damage)
             ... on level 2 of the Lair of Beasts.
             The game lasted 01:15:48 (22949 turns).

drugrobin the Slicer (Demigod Delver)              Turns: 22949, Time: 01:15:48

Health: -3/122     AC: 18    Str: 27    XL:     14   Next: 4%
Magic:  14/27      EV: 14    Int: 16    God:
Gold:   752        SH:  8    Dex: 19    Spells: 6/25 levels left

rFire   . . .      SeeInvis .    b - +5 rapier (protect)
rCold   . . .      Faith    .    u - +2 buckler
rNeg    . . .      Spirit   .    U - +0 acid dragon scales
rPois   .          Reflect  .    w - +0 helmet
rElec   .          Harm     .    n - +0 cloak
rCorr   +          Rampage  .    S - +1 pair of gloves {Stlth+}
Will    ++...                    Q - +0 pair of boots of the Quahog {Fly Will+}
Stlth   ++++......               V - amulet of regeneration
HPRegen 1.10/turn                m - +4 ring of slaying
MPRegen 0.20/turn                y - +6 ring of strength

@: under a protective aura, flying
A: high MP 1, forlorn, divine attributes
a: no special abilities


You were on level 2 of the Lair of Beasts.
You visited 2 branches of the dungeon, and saw 15 of its levels.
You also visited: Sewer and Bailey.

You collected 1382 gold pieces.
You spent 630 gold pieces at shops.

Inventory:

Hand Weapons
 a - a +2 dagger of venom
 b - a +5 rapier of protection (weapon)
 x - a +1 rapier of speed
Missiles
 c - a throwing net
 J - 5 curare-tipped darts
 M - 14 boomerangs (quivered)
Armour
 n - a +0 cloak (worn)
 u - a +2 buckler (worn)
 w - a +0 helmet (worn)
 Q - the +0 pair of boots of the Quahog (worn) {Fly Will+}
   (You found it in a bailey)

   Fly:       It grants you flight.
   Will:      It increases your willpower.
 S - a +1 pair of gloves of stealth (worn)
 U - +0 acid dragon scales (worn)
Magical Staves
 N - a staff of air
Jewellery
 e - a ring of wizardry
 m - a +4 ring of slaying (left hand)
 o - a ring of willpower
 y - a +6 ring of strength (right hand)
 V - an amulet of regeneration (around neck)
 X - a ring of resist corrosion
 Z - a ring of poison resistance
Wands
 g - a wand of digging (2)
 i - a wand of flame (46)
 k - a wand of iceblast (3)
 C - a wand of polymorph (9)
 L - a wand of paralysis (4)
Scrolls
 f - a scroll of silence {unknown}
 j - 8 scrolls of enchant weapon
 l - a scroll of summoning
 s - a scroll of torment
 A - a scroll of blinking
 B - 3 scrolls of teleportation
 D - a scroll of vulnerability
 G - 4 scrolls of fog
 H - 5 scrolls of magic mapping
 P - 2 scrolls of enchant armour
Potions
 p - 2 potions of cancellation
 q - 3 potions of resistance {unknown}
 r - 6 potions of flight
 t - a potion of lignification {unknown}
 z - a potion of invisibility
 E - a potion of berserk rage {unknown}
 I - 4 potions of curing
 O - 5 potions of mutation
 R - 8 potions of ambrosia
 T - 4 potions of heal wounds
 W - 3 potions of haste
Miscellaneous
 d - a box of beasts
 Y - a tin of tremorstones (2/2)


   Skills:
 + Level 10.8 Fighting
 - Level 14.0 Short Blades
 - Level 5.3 Dodging
 - Level 4.5 Stealth
 - Level 4.0 Shields
 - Level 6.0 Spellcasting
 + Level 12.5 Summonings
 - Level 4.0 Translocations


You had 6 spell levels left.
You knew the following spells:

 Your Spells              Type           Power      Damage    Failure   Level
a - Call Canine Familiar  Summ           44%        N/A       1%          3
b - Summon Cactus Giant   Summ           22%        N/A       21%         6
c - Summon Forest         Summ/Tloc      15%        N/A       21%         5
d - Summon Mana Viper     Hex/Summ       24%        N/A       43%         5

Your spell library contained the following spells:

 Spells                   Type           Power      Damage    Failure   Level
 Gell's Gravitas          Tloc           17%        N/A       13%         3
 Lesser Beckoning         Tloc           17%        N/A       13%         3
 Teleport Other           Tloc           17%        N/A       13%         3
 Sting                    Tmut/Pois      16%        1d3       22%         1
 Portal Projectile        Hex/Tloc       22%        N/A       28%         3
 Cigotuvi's Dreadful Rot  Necr/Pois/Air  8%         N/A       32%         2
 Ensorcelled Hibernation  Hex/Ice        8%         N/A       32%         2
 Passwall                 Tmut/Erth      3%         N/A       32%         2
 Poisonous Vapours        Pois/Air       8%         N/A       32%         2
 Static Discharge         Conj/Air       8%         3-4/arc   32%         2
 Swiftness                Air            4%         N/A       54%         3
 Dispel Undead            Necr           4%         3d7       91%         4
 Leda's Liquefaction      Hex/Erth       2%         N/A       91%         4
 Olgreb's Toxic Radiance  Pois           4%         N/A       91%         4
 Sticky Flame             Conj/Fire      4%         2d3       91%         4
 Conjure Ball Lightning   Conj/Air       2%         3x3d6     100%        6
 Death Channel            Necr           2%         N/A       100%        6
 Malign Gateway           Summ/Tloc      15%        N/A       99%         7
 Discord                  Hex            2%         N/A       100%        8
 Disjunction              Tloc           8%         N/A       100%        8
 Summon Horrible Things   Summ           22%        N/A       100%        8


Dungeon Overview and Level Annotations

Branches:
Dungeon (10/15)            Temple (0/1) D:4            Lair (5/5) D:8
  Swamp (0/4) Lair:2        Snake (0/4) Lair:2        Slime (0/5) Lair:5
    Orc (0/2) D:9           Sewer (visited)          Bailey (visited)

Shops:
D:2 [   D:5 (   D:6 [

Annotations:
D:7 3 exclusions
D:9 Erolcha
Lair:4 2 transporters, Zun Lasmi's ghost, journeyman VSTm


Innate Abilities, Weirdness & Mutations

You have an increased reservoir of magic. (+10% MP)
You shall have no god before yourself.
Your divine heritage dramatically boosts your attributes as you level up.


Message History

Unknown command.
You swap places.
The minotaur throws a javelin.
The javelin pierces through your wolf!!
Your wolf dies!
Your wolf's corpse disappears in a puff of smoke!
The javelin pierces through you!
Unknown command.
Unknown command.
The minotaur misses you. The minotaur gores you!
Unknown command.
Unknown command.
Your cactus giant disappears in a puff of smoke!
The minotaur hits you.
The minotaur gores you but does no damage.
Unknown command.
Unknown command.
Unknown command.
Unknown command.
Unknown command.
You puncture the minotaur!
The minotaur is lightly wounded.
The minotaur hits you but does no damage.
The minotaur gores you!
* * * LOW HITPOINT WARNING * * *
Unknown command.
Unknown command.
Unknown command.
Casting: Summon Mana Viper (dangerous; 43% risk of failure)
Confirm with . or Enter, or press ? or * to list all spells.
You block the minotaur's attack. The minotaur gores you!
* * * LOW HITPOINT WARNING * * *
Unknown command.
Unknown command.
Unknown command.
You hit the minotaur but do no damage.
The minotaur is lightly wounded.
The minotaur hits you!
* * * LOW HITPOINT WARNING * * *
The minotaur gores you!
You die...

~..~~♣P#..........#...[..........
♣♣)♣♣~P#.......##.#........#..(..
♣...♣~♣#..[....##................
..>.............................#
♣...♣P♣##P.#########...)...#.....
♣♣.♣♣.♣#...#..#.#!.#.......#...PP
...)~~♣#...##..[|.##.............
...♣.P##...# #..h#.#.............
##.####....# ###@#.#.............
...........###..H..#.............
(..........#.#..##.#.............
##....P.#..#.....†.#.P...#.......
##....##.#.###'''###.#.#...#..[..
.#....##..................##.....
.......#..........##.............
##....##.......#..........#......
##....##.......##..#.............


You could see a minotaur (ally target) and a friendly wolf (summoned).

Vanquished Creatures
  2 catoblepae (Lair:5)
  The ghost of SigmundSlayer the Geomancer, a journeyman DEEE of Gozag (Lair:2)
  11 death yaks
  Urug (Lair:5)
  A bog body (Lair:2)
  Pikel (D:8)
  26 elephants
  Maurice (D:9)
  2 gargoyles (D:7)
  9 cane toads
  4 black mambas
  A torpor snail (Lair:3)
  Psyche (D:8)
  3 komodo dragons
  6 rime drakes
  A queen bee (Lair:1)
  Prince Ribbit (D:8)
  5 hornets
  7 polar bears
  14 blink frogs
  10 spriggans (Lair:5)
  5 basilisks
  3 wyverns
  34 yaks
  2 nagas (Lair:2)
  An acid dragon (D:8)
  3 wargs (D:8)
  2 swamp worms (Lair:2)
  A swamp drake (D:9)
  7 water moccasins
  6 ice beasts
  8 orc warriors
  2 sky beasts
  6 black bears
  19 wolves (Lair:5)
  5 boggarts (Lair:5)
  3 centaurs
  A lemure (D:8)
  8 bullfrogs
  2 kobold brigands
  A gnoll sergeant (D:8)
  7 wights
  24 killer bees (Lair:1)
  5 electric eels
  4 howler monkeys
  3 hounds
  5 orc priests
  2 jellies
  Terence (D:2)
  Jessica (D:2)
  An iguana (D:5)
  7 orc wizards
  Robin (D:2)
  10 gnolls
  14 adders
  10 river rats
  A white imp (D:7)
  8 nameless horrors
  An ufetubus (D:5)
  7 worms
  A dart slug (D:2)
  39 orcs
  9 ball pythons
  5 endoplasms
  5 giant cockroaches
  19 goblins
  11 hobgoblins
  A jackal (Sewer)
  9 quokkas
  11 bats
  5 frilled lizards
  21 kobolds
  7 rats
482 creatures vanquished.

Vanquished Creatures (collateral kills)
  A hydra (Lair:2)
  6 death yaks
  5 elephants
  A polar bear (Lair:5)
  A spriggan (Lair:5)
  3 yaks
  A water moccasin (Lair:2)
  A wolf (Lair:5)
  A killer bee (Lair:1)
  An orc wizard (D:7)
  3 orcs (D:7)
  A butterfly (Lair:5)
25 creatures vanquished.

Vanquished Creatures (others)
  2 bushes
  20 fungi
  25 plants
  2 snaplasher vines (Lair:5)
49 creatures vanquished.

Grand Total: 556 creatures vanquished

Notes
Turn   | Place    | Note
-------+----------+-------------------------------------------
     0 | D:5      | drugrobin the Demigod Delver began the quest for the Orb.
     0 | D:5      | Reached XP level 1. HP: 18/18 MP: 3/3
    48 | D:5      | Noticed an iguana
    48 | D:5      | Noticed an ice beast
   108 | D:5      | Found Ucurchyej's Hydra Hut.
   110 | D:5      | Noticed a seven-headed hydra
   241 | D:4      | Reached skill level 2 in Short Blades
   822 | D:1      | Reached XP level 2. HP: 25/25 MP: 4/4
   882 | D:1      | Reached skill level 3 in Short Blades
  1247 | D:1      | Reached XP level 3. HP: 24/30 MP: 5/5
  1611 | D:2      | Found Tuenaomm's Antique Armour Boutique.
  1949 | D:2      | Reached skill level 4 in Short Blades
  2065 | D:2      | Reached XP level 4. HP: 28/37 MP: 6/6
  2528 | D:2      | Noticed Robin
  2546 | D:2      | Killed Robin
  2720 | D:2      | Learned a level 3 spell: Call Canine Familiar
  2862 | D:2      | Noticed Jessica
  2865 | D:2      | Killed Jessica
  2870 | D:2      | Noticed Terence
  2890 | D:2      | Killed Terence
  2891 | D:2      | Reached XP level 5. HP: 14/42 MP: 7/7
  3376 | D:3      | Reached skill level 1 in Summonings
  3384 | D:3      | Reached skill level 5 in Short Blades
  3700 | D:3      | Identified the +1 robe of Kuekkokk {+Inv rN+ Will- Dex+4}
  4470 | D:4      | Noticed a black bear
  4487 | D:4      | Killed a black bear
  4488 | D:4      | Reached XP level 6. HP: 26/50 MP: 8/8
  4750 | D:4      | Found a staircase to the Ecumenical Temple.
  5334 | D:5      | Reached skill level 6 in Short Blades
  5813 | D:5      | Reached XP level 7. HP: 51/56 MP: 9/9
  6328 | D:2      | Bought a bloodstained ring mail for 252 gold pieces
  6328 | D:2      | Identified the +5 ring mail of Zutaxt {rF- Int+3 Dex+4}
                  | (You bought it in a shop on level 2 of the Dungeon)
  6585 | D:5      | Reached skill level 7 in Short Blades
  6863 | D:6      | Found Ycoudip's Armour Emporium.
  7139 | D:6      | Reached skill level 8 in Short Blades
  7139 | D:6      | Reached XP level 8. HP: 25/62 MP: 10/10
  7158 | D:6      | Found a glowing drain.
  7163 | Sewer    | Entered a sewer
  8617 | D:6      | Reached skill level 9 in Short Blades
  8617 | D:6      | Reached skill level 1 in Spellcasting
  9614 | D:7      | Identified the +4 ring mail of the Dungeon {-Tele rC+
                  | Stlth+}
 10473 | D:7      | Noticed a gargoyle
 10679 | D:7      | Killed a gargoyle
 10680 | D:7      | Reached skill level 10 in Short Blades
 10680 | D:7      | Reached XP level 9. HP: 38/71 MP: 16/16
 10862 | D:7      | Noticed a gargoyle
 10863 | D:7      | Noticed a gargoyle
 10902 | D:7      | Killed a gargoyle
 11220 | D:8      | Noticed Psyche
 11231 | D:8      | Killed Psyche
 11232 | D:8      | Reached skill level 5 in Fighting
 11275 | D:8      | Found a flagged portal.
 11295 | Bailey   | Entered a bailey
 11377 | Bailey   | Noticed an orc warlord
 11563 | Bailey   | Found a runed translucent gate.
 11565 | Bailey   | Found a runed translucent gate.
 11567 | Bailey   | Found a runed translucent gate.
 11987 | Bailey   | Identified the +0 pair of boots of the Quahog {Fly Will+}
 12015 | D:8      | Noticed Pikel
 12059 | D:8      | Killed Pikel
 12257 | D:8      | Found a staircase to the Lair.
 13328 | D:8      | Reached XP level 10. HP: 80/90 MP: 17/17
 14050 | D:9      | Noticed Maurice
 14054 | D:9      | Killed Maurice
 14066 | D:9      | Noticed Prince Ribbit
 14091 | D:8      | Killed Prince Ribbit
 14233 | D:9      | Noticed Erolcha
 14441 | D:2      | Bought a buckler for 126 gold pieces
 14441 | D:2      | Bought a fading ring mail for 252 gold pieces
 14441 | D:2      | Identified the +1 ring mail of Festooned Brilliance {rC+
                  | Int+3} (You bought it in a shop on level 2 of the Dungeon)
 14593 | Lair:1   | Entered Level 1 of the Lair of Beasts
 14614 | Lair:1   | Acquired a +5 rapier of draining
 14690 | Lair:1   | Reached skill level 10 in Fighting
 15015 | Lair:1   | HP: 1/93 [komodo dragon (23)]
 15147 | Lair:1   | Reached skill level 11 in Short Blades
 15163 | Lair:1   | HP: 3/93 [killer bee (6)]
 15978 | D:9      | Found a staircase to the Orcish Mines.
 16129 | D:10     | Entered Level 10 of the Dungeon
 16337 | Lair:1   | Reached XP level 11. HP: 99/99 MP: 16/19
 16361 | Lair:1   | Reached skill level 12 in Short Blades
 16507 | Lair:2   | Acquired a +1 pair of gloves of stealth
 16894 | Lair:2   | Found a runed translucent gate.
 16895 | Lair:2   | Found a runed translucent gate.
 16899 | Lair:2   | Found a runed translucent gate.
 16899 | Lair:2   | Noticed a seven-headed hydra
 16922 | Lair:2   | Found a staircase to the Snake Pit.
 16924 | Lair:2   | Noticed a minotaur
 16938 | Lair:2   | Noticed SigmundSlayer's ghost (journeyman DEEE)
 17423 | Lair:2   | Found a staircase to the Swamp.
 17423 | Lair:2   | Noticed a bog body
 17440 | Lair:2   | Killed a bog body
 17441 | Lair:2   | Reached skill level 13 in Short Blades
 17441 | Lair:2   | Reached skill level 5 in Summonings
 17963 | Lair:2   | Upgraded the game from 0.30-a0-118-ga018f8e90f to
                  | 0.30-a0-121-gb27577e5d9
 18476 | Lair:3   | You are sucked into a shaft and drop 2 floors!
 18476 | Lair:5   | Entered Level 5 of the Lair of Beasts
 18522 | Lair:4   | Reached XP level 12. HP: 103/106 MP: 20/20
 18538 | Lair:4   | Reached skill level 14 in Short Blades
 18866 | Lair:2   | Reached skill level 5 in Spellcasting
 18977 | Lair:3   | Learned a level 6 spell: Summon Cactus Giant
 19631 | Lair:3   | Reached skill level 10 in Summonings
 19733 | Lair:4   | Found a transporter.
 19736 | Lair:4   | Noticed a four-headed hydra
 19737 | Lair:4   | Noticed Zun Lasmi's ghost (journeyman VSTm)
 19738 | Lair:4   | Noticed a boulder beetle
 19738 | Lair:4   | Noticed a seven-headed hydra
 19760 | Lair:4   | Noticed a five-headed hydra
 19765 | Lair:4   | Found a transporter.
 19962 | Lair:4   | Learned a level 5 spell: Summon Forest
 19968 | Lair:4   | Learned a level 5 spell: Summon Mana Viper
 20242 | Lair:4   | Reached skill level 1 in Translocations
 20262 | Lair:4   | Reached XP level 13. HP: 64/113 MP: 26/26
 20637 | Lair:5   | Noticed Urug
 20666 | Lair:5   | Killed Urug
 20838 | Lair:5   | Reached skill level 5 in Dodging
 20973 | Lair:5   | Reached skill level 1 in Shields
 22528 | Lair:5   | Found a staircase to the Slime Pits.
 22929 | Lair:2   | Killed SigmundSlayer's ghost
 22930 | Lair:2   | Reached XP level 14. HP: 122/122 MP: 14/27
 22949 | Lair:2   | Slain by a minotaur

Illustrated notes

Levels and vault maps discovered:
D:1:      psy_arrival_fountain, layout_basic
D:2:      layout_loops_ring, serial_shops, nicolae_square_shop,
          ebering_ecumenical_altar_abandoned, uniq_terence, uniq_jessica,
          uniq_robin
D:3:      layout_loops_cross, gammafunk_temple_overflow_elements
D:4:      layout_loops_cross, minmay_temple_entry_proselytizer,
          corexii_leaking_fountain, minivault_4
D:5:      layout_loops_corners, doesnt_shop_hydraphobe
D:6:      layout_rooms, serial_shops, nicolae_diamond_shop,
          portal_sewer_entry_e, kennysheep_another_room
D:7:      cheibrodos_statue_roulette, layout_basic
D:8:      layout_loops_corners, nicolae_ashenzari_skybound,
          erik_lair_orcish_takeover, enter_bailey_3,
          chequers_serial_rivers_small_b, minmay_misc_feat_hallway, uniq_psyche,
          uniq_pikel
D:9:      layout_irregular_city, erik_orc_1, kennysheep_cross_bottleneck,
          uniq_erolcha, uniq_prince_ribbit1, uniq_maurice
D:10:     layout_roguey, nicolae_hepliaklqana_monster_ancestors, serial_shops,
          shop, hangedman_decor_push, uniq_grum
Lair:1:   layout_roguey [special_room_bee], gammafunk_lair_bear_cave
Lair:2:   layout_regular_city, nicolae_swamp_entry_splash_gauntlet,
          guppyfry_snake_entry_garden, maelrawn_ghost_gauntlet_escape,
          serial_bayou_shore_a, lemuel_fruit_tree, lemuel_fruit_fields,
          infiniplex_staircase_pool
Lair:3:   layout_misc_corridors
Lair:4:   layout_cave_shapes, gammafunk_ghost_arena, st_stairs_12
Lair:5:   minmay_lair_end_enchanted_forest, layout_cave_pods,
          dpeg_slime_entry_enclosed, grunt_megastairs_1, lemuel_fruit_fields,
          uniq_urug

Skill      XL: |  1  2  3  4  5  6  7  8  9 10 11 12 13 |
---------------+----------------------------------------+-----
Short Blades   | 2 3 4 5 6 8 10 11 13 14 | 14.0
Summonings     | 1 3 4 7 10 12 | 12.5
Spellcasting   | 3 6 |  6.0
Fighting       | 3 8 10 | 10.8
Dodging        | 3 5 |  5.3
Translocations | 1 4 |  4.0
Shields        | 4 |  4.0
Stealth        | |  4.5

Action                   |  1- 3 |  4- 6 |  7- 9 | 10-12 | 13-15 || total
-------------------------+-------+-------+-------+-------+-------++-------
Melee: Short sword       |   169 |   291 |   521 |    19 |       ||  1000
       Punch             |     1 |     7 |    18 |     2 |       ||    28
       Dagger            |       |       |   385 |   169 |     9 ||   563
       Rapier            |       |       |       |   887 |   474 ||  1361
 Fire: Sling             |       |    12 |     3 |       |       ||    15
       Shortbow          |       |       |     3 |       |       ||     3
Throw: Dart              |     2 |     7 |     3 |     1 |       ||    13
       Boomerang         |       |    16 |    35 |     6 |     6 ||    63
 Cast: Call Canine Famil |       |       |    13 |    10 |    14 ||    37
       Summon Cactus Gia |       |       |       |     3 |    10 ||    13
       Summon Forest     |       |       |       |       |     4 ||     4
       Summon Mana Viper |       |       |       |       |     1 ||     1
Evoke: Wand              |       |     1 |     8 |       |       ||     9
  Use: Scroll            |       |     1 |     3 |    12 |     1 ||    17
       Potion            |       |       |     7 |     7 |       ||    14
 Stab: Sleeping          |     3 |     1 |     3 |    11 |     9 ||    27
       Invisible         |       |       |     3 |     1 |       ||     4
       Distracted        |       |       |     2 |     3 |    10 ||    15
       Paralysed         |       |       |     2 |       |       ||     2
       Petrified         |       |       |       |       |     2 ||     2
       Petrifying        |       |       |       |       |     1 ||     1
Armor: Leather armour    |    36 |     8 |       |       |       ||    44
       Chain mail        |       |    86 |     9 |       |       ||    95
       Ring mail         |       |       |   233 |   443 |   157 ||   833
       Acid dragon scale |       |       |       |       |    15 ||    15
Dodge: Dodged            |    85 |    93 |   356 |   383 |   196 ||  1113
Block: Buckler           |       |       |       |   158 |   121 ||   279

Table legend: (Time is in decaauts)
 A = Elapsed time spent in this place.
 B = Non-inter-level travel time spent in this place.
 C = Inter-level travel time spent in this place.
 D = Time resting spent in this place.
 E = Time spent auto-exploring this place.
 F = Levels seen in this place.
 G = Mean time per level.
                   A        B        C        D        E       F      G
               +--------+--------+--------+--------+--------+-----+--------+
         Total |  22017 |  20678 |   1339 |   3311 |  11458 |  17 | 1295.1 |
       Dungeon |  13080 |  12121 |    959 |   1985 |   7425 |  10 | 1308.0 |
          Lair |   6794 |   6414 |    380 |    645 |   3405 |   5 | 1358.8 |
         Sewer |   1456 |   1456 |      0 |    527 |    505 |   1 | 1456.0 |
        Bailey |    686 |    686 |      0 |    154 |    122 |   1 |  686.0 |
               +--------+--------+--------+--------+--------+-----+--------+

Top non-repeatable levels by time:
     D:8: 2344 daAuts
  Lair:5: 1985 daAuts
  Lair:2: 1829 daAuts
     D:5: 1711 daAuts
     D:4: 1665 daAuts
     D:7: 1592 daAuts
     D:2: 1539 daAuts
   Sewer: 1456 daAuts
     D:6: 1171 daAuts
  Lair:4: 1076 daAuts
     D:3: 1065 daAuts
     D:1: 1064 daAuts
  Lair:1: 955 daAuts
  Lair:3: 948 daAuts
     D:9: 923 daAuts
